Construct Section Command Post
Selects Canadian Shock Battlegroup
Construct Platoon Command Post
Construct Field Infirmary
Selects Incendiary Munitions
Unlock M3 Stuart Light Tanks
6-pounder Anti-tank Gun Team
Selects Canadian Shock Section
6-pounder Anti-tank Gun Team
Unlock Bishop Self-propelled Artillery
Bishop Self-propelled Artillery
Selects Churchill Crocodile Heavy Tank
Churchill Crocodile Heavy Tank
Construct Company Command Post
Unlock Towed 17-pounder Anti-tank Guns
17-pounder Anti-tank Gun Team